 Dungeon Crawl Stone Soup version 0.22.1-2-g9c5b331 (webtiles) character file.

51 Goblin1989 the Changer (level 3, 0/26 HPs)
             Began as a Demonspawn Transmuter on Nov 22, 2018.
             Hit by a stone thrown by a kobold (2 damage)
             ... on level 2 of the Dungeon.
             The game lasted 00:03:54 (2289 turns).

Goblin1989 the Changer (Demonspawn Transmuter)      Turns: 2289, Time: 00:03:54

Health: 0/26       AC:  2    Str: 10    XL:     3   Next: 57%
Magic:  6/6        EV: 12    Int: 15    God:
Gold:   58         SH:  0    Dex: 13    Spells: 0/6 levels left

rFire    . . .     SeeInvis .     - Unarmed
rCold    . . .     Gourm    .   (no shield)
rNeg     . . .     Faith    .   b - +0 robe
rPois    .         Spirit   .   (no helmet)
rElec    .         Reflect  .   (no cloak)
rCorr    .         Harm     .   (no gloves)
MR       .....                  (no boots)
Stlth    ++........             (no amulet)
HPRegen  0.08/turn              (no ring)
MPRegen  0.10/turn              (no ring)

@: lethally poisoned (0 -> -10)
A: nightstalker 1
a: no special abilities


You were on level 2 of the Dungeon.
You were not hungry.

You visited 1 branch of the dungeon, and saw 2 of its levels.

You collected 58 gold pieces.

Inventory:

Missiles
 a - 18 arrows
Armour
 b - a +0 robe (worn)
Jewellery
 j - an uncursed amulet of magic regeneration {unknown}
Scrolls
 f - a scroll of enchant armour {unknown}
 g - 3 scrolls of identify {unknown}
 k - a scroll of amnesia {unknown}
 m - a scroll of immolation {unknown}
 q - a scroll of fear {unknown}
 r - a scroll of enchant weapon {unknown}
Potions
 n - a potion of might {unknown}
Comestibles
 e - 3 rations


   Skills:
 - Level 1.0 Fighting
 - Level 1.7 Dodging
 - Level 2.6 Unarmed Combat
 - Level 2.0 Spellcasting
 + Level 3.6 Transmutations


You couldn't memorise any spells.
You knew the following spells:

 Your Spells              Type           Power        Failure   Level  Hunger
a - Beastly Appendage     Tmut           ##....       4%          1    #......
b - Sticks to Snakes      Tmut           ##......     8%          2    ###....
c - Spider Form           Tmut/Pois      #.........   32%         3    ###....

Your spell library contained the following spells:

 Spells                   Type           Power        Failure   Level  Hunger
 Ice Form                 Ice/Tmut       #.......     71%         4    #####..
 Blade Hands              Tmut           ##........   80%         5    ######.


Dungeon Overview and Level Annotations

Branches:
Dungeon (2/15)

Altars:

Annotations:
D:2 Sigmund


Innate Abilities, Weirdness & Mutations

You are slightly more attuned to the shadows.


Message History

No target in view!
No target in view!
No target in view!
No target in view!
No target in view!
No target in view!
No target in view!
No target in view!
No target in view!
No target in view!
No target in view!
No target in view!
No target in view!
No target in view!
No target in view!
No target in view!
An adder comes into view.
A kobold comes into view. It is wielding a short sword.
Your transformation has ended.
Your +0 robe unmelds from your body.
The kobold shouts!
You hit the adder but do no damage. The adder misses you.
The kobold throws a stone.
The stone hits you but does no damage. The adder bites you.
You are poisoned.
The adder poisons you!
You hit the adder but do no damage.
You feel sick. The adder bites you.
The kobold throws a stone.
The stone misses you.
You miss the adder. The adder barely misses you.
The kobold throws a stone.
The stone barely misses you.
You miss the adder.
You feel sick. The adder closely misses you.
The kobold throws a stone.
The stone hits you.
You hit the adder but do no damage. The adder barely misses you.
The adder bites you.
The kobold throws a stone.
The stone completely misses you.
You are too injured to fight recklessly!
You are too injured to fight recklessly!
You are too injured to fight recklessly!
You are too injured to fight recklessly!
You are too injured to fight recklessly!
You are too injured to fight recklessly!
You are too injured to fight recklessly!
You are too injured to fight recklessly!
You are too injured to fight recklessly!
You are too injured to fight recklessly!
You take 12 damage, and have 14/26 hp.
MASSIVE DAMAGE!!
You are too injured to fight recklessly!
You are too injured to fight recklessly!
You are too injured to fight recklessly!
You are too injured to fight recklessly!
You are too injured to fight recklessly!
You are too injured to fight recklessly!
You are too injured to fight recklessly!
You are too injured to fight recklessly!
You are too injured to fight recklessly!
You are too injured to fight recklessly!
You are too injured to fight recklessly!
You are too injured to fight recklessly!
You are too injured to fight recklessly!
You are too injured to fight recklessly!
You are too injured to fight recklessly!
You are too injured to fight recklessly!
You are too injured to fight recklessly!
You are too injured to fight recklessly!
You are too injured to fight recklessly!
You are too injured to fight recklessly!
You are too injured to fight recklessly!
Unknown command.
You closely miss the adder. The adder bites you.
* * * LOW HITPOINT WARNING * * *
The kobold throws a stone.
The stone closely misses you.
You take 3 damage, and have 11/26 hp.
You miss the adder. The adder bites you.
* * * LOW HITPOINT WARNING * * *
You are more poisoned.
The adder poisons you!
You take 1 damage, and have 10/26 hp.
You miss the adder.
You feel sick. The adder bites you.
* * * LOW HITPOINT WARNING * * *
The adder closely misses you.
You take 4 damage, and have 6/26 hp.
You hit the adder.
The adder is moderately wounded.
* * * LOW HITPOINT WARNING * * *
You feel sick. The adder bites you.
* * * LOW HITPOINT WARNING * * *
The kobold throws a stone.
The stone hits you but does no damage.
You take 2 damage, and have 4/26 hp.
It was a potion of cancellation.
You feel magically purged. The adder bites you.
* * * LOW HITPOINT WARNING * * *
You are more poisoned.
The adder poisons you!
You take 1 damage, and have 3/26 hp.
Unknown command.
It was a potion of magic.
Magic courses through your body.
* * * LOW HITPOINT WARNING * * *
You feel sick. The adder closely misses you.
The kobold throws a stone.
The stone hits you.
You die...

█.████ █.█... .. ..█.
..██..... ..█
█...█████.████.█. ....
..........█...█.
....█████........█.███.
.█..K............█.█ █.
......█...█..█...█.█ █.
.█.S@.....÷......█ █.
......█(█.█.█.█....█ █.
...................█ █.
.......█..█...█....█ █.
...................█
............█.█.█...█
.......██...........█
...... ██...........
[...


███████ You could see an adder and a kobold.

Vanquished Creatures
  2 dart slugs
  2 leopard geckos
  5 bats
  2 giant cockroaches (D:1)
  4 goblins (D:1)
  5 hobgoblins
  6 jackals (D:1)
  4 frilled lizards
  5 kobolds
  6 rats
41 creatures vanquished.

Notes
Turn   | Place    | Note
-------+----------+-------------------------------------------
     0 | D:1      | Goblin1989 the Demonspawn Transmuter began the quest for
                  | the Orb.
     0 | D:1      | Reached XP level 1. HP: 15/15 MP: 3/3
    32 | D:1      | Reached skill level 2 in Transmutations
   273 | D:1      | Gained mutation: You are slightly more attuned to the
                  | shadows. [demonic ancestry]
   273 | D:1      | Reached XP level 2. HP: 19/21 MP: 5/5
   638 | D:1      | Learned a level 2 spell: Sticks to Snakes
   697 | D:1      | Reached skill level 3 in Transmutations
  1057 | D:1      | Reached XP level 3. HP: 9/26 MP: 4/6
  1356 | D:1      | Learned a level 3 spell: Spider Form
  1895 | D:2      | Noticed Sigmund
  2289 | D:2      | Hit by a stone thrown by a kobold

Skill      XL: |  1  2 |
---------------+-------+-----
Transmutations | 2 3 |  3.6
Fighting       | |  1.0
Dodging        | |  1.7
Unarmed Combat | |  2.6
Spellcasting   | |  2.0

Action                   || total
-------------------------++-------
Melee: Unarmed           ||   176
       Headbutt          ||     5
       Kick              ||     2
       Punch             ||     1
 Cast: Beastly Appendage ||     8
       Spider Form       ||     1
  Use: Potion            ||     2
 Stab: Sleeping          ||     4
  Eat: Chunk             ||     5
Armor: Robe              ||    41
Dodge: Dodged            ||   127

Vault maps used:
D:1:      scummos_arrival_simple_crosswalls, serial_forest,
          infiniplex_forest_3_way, infiniplex_forest_straight_3,
          infiniplex_forest_end_double, infiniplex_forest_straight_4,
          infiniplex_forest_lined_2, infiniplex_forest_clump_long,
          infiniplex_forest_straight_4, minmay_misc_feat_secret_circle
D:2:      hangedman_decor_lopped, uniq_sigmund, uniq_crazy_yiuf_cottage
